 Dungeon Crawl Stone Soup version 0.18.1-51-gd549091e01 (webtiles) character file.

4290 magog001 the Nimble (level 10, 0/84 HPs)
             Began as a Red Draconian Fighter on June 13, 2021.
             Was a Believer of Nemelex Xobeh.
             Slain by a swamp worm (20 damage)
             ... on level 8 of the Dungeon.
             The game lasted 00:47:21 (10353 turns).

magog001 the Nimble (Red Draconian Fighter)        Turns: 10353, Time: 00:47:21

Health: 0/84       AC: 10    Str: 22    XL:     10   Next: 11%
Magic:  19/19      EV: 14    Int:  8    God:    Nemelex Xobeh [**....]
Gold:   314        SH: 12    Dex: 11    Spells: 0 memorised, 9 levels left

rFire  + + .     SeeInvis .     a - +0 war axe
rCold  x . .     Gourm    .     (armour unavailable)
rNeg   . . .     Faith    .     b - +1 shield
rPois  .         Spirit   .     (helmet restricted)
rElec  .         Dismiss  .     s - +1 cloak
rCorr  .         Reflect  .     (no gloves)
SustAt .         Harm     .     y - +0 pair of boots
MR     .....                    (no amulet)
Stlth  ++........               B - ring of fire
                                j - ring of magical power

@: not resistant to hostile enchantments, unstealthy
A: breathe fire, unfitting armour, fire resistance 1, cold-blooded, AC +7
a: Breathe Fire, Renounce Religion


You were on level 8 of the Dungeon.
You worshipped Nemelex Xobeh.
Nemelex Xobeh was pleased with you.
You were not hungry.

You visited 1 branch of the dungeon, and saw 8 of its levels.

You collected 314 gold pieces.

Inventory:

Hand Weapons
 a - a +0 war axe (weapon)
 u - a +0 hunting sling
Missiles
 m - 2 tomahawks (quivered)
 z - 98 stones
 A - 51 sling bullets
 C - a throwing net
Armour
 b - a +1 shield (worn)
 s - a +1 cloak (worn)
 y - a +0 pair of boots (worn)
Magical Staves
 c - an uncursed staff of fire
Jewellery
 j - a ring of magical power (left hand)
 B - a ring of fire (right hand)
Wands
 n - a wand of confusion (1/48)
 v - a wand of heal wounds (0/9)
 I - a wand of random effects (20/48)
Scrolls
 f - 3 scrolls of identify
 g - a scroll of fear
 h - 4 scrolls of remove curse
 k - 4 scrolls of teleportation
 q - a scroll of immolation
 D - 2 scrolls of recharging
 E - a scroll of enchant armour
 F - a scroll of blinking
 H - a scroll of amnesia
Potions
 i - a potion of lignification
 p - a potion of curing
Miscellaneous
 e - a plain deck of war {drawn: 1}
 x - a plain deck of destruction {drawn: 1}
Comestibles
 d - 9 bread rations
 w - 4 fruits


   Skills:
 * Level 6.8 Fighting
 * Level 6.5 Axes
 + Level 0.4 Staves
 * Level 9.4 Dodging
 + Level 2.2 Stealth
 * Level 7.3 Shields
 + Level 0.6 Evocations


You had 9 spell levels left.
You didn't know any spells.

Dungeon Overview and Level Annotations

Branches:
Dungeon (8/15)             Temple (0/1) D:6
   Lair: D:8-11

Altars:
Gozag
Nemelex Xobeh
Pakellas
Trog
Xom


Innate Abilities, Weirdness & Mutations

You can breathe blasts of fire.
Your fiery red scales are hard (AC +7).
Your body does not fit into most forms of armour.
Your flesh is heat resistant.
You are cold-blooded and may be slowed by cold attacks.


Message History

The swamp worm bites you! The swamp worm closely misses you.
You hit the swamp worm but do no damage.
You block the swamp worm's attack.
You closely miss the swamp worm.
Your tail-slap misses the swamp worm.
The swamp worm bites you. You block the swamp worm's attack.
You hit the swamp worm.
Your tail-slap misses the swamp worm.
The swamp worm is lightly wounded.
The swamp worm closely misses you.
Your shield prevents you from hitting the swamp worm.
The swamp worm bites you! x2
You slash the swamp worm!
The swamp worm is moderately wounded.
The swamp worm bites you!
* * * LOW HITPOINT WARNING * * *
You slash the swamp worm! You tail-slap the swamp worm.
The swamp worm is severely wounded.
The swamp worm bites you!!
You die...
Your body glows slightly and disappears.

#...........# #.....).....#
#...........# ##....###.### # ###
##.##.##...# #.#.. ...#≈≈≈≈≈≈≈###
.#.### .#≈≈≈≈≈≈≈≈≈≈≈## ....
.≈≈≈#######≈≈≈############.####.#
.≈≈##≈≈≈≈≈#P≈≈.w@...†............
#≈≈#$≈≈≈≈≈≈≈≈≈.###########.####.#
#≈≈##≈≈≈≈≈#P≈≈.# #.#
#≈≈≈#######≈≈≈.# #.#
##≈≈≈≈≈≈≈≈≈≈≈..# #.#
###≈≈≈≈≈≈≈...## #.# ####....###
#.# ###### #.# #.#


You could see a swamp worm.

Vanquished Creatures
  The ghost of magog001 the Blocker, a novice MiFi of Nemelex Xobeh (D:6)
  Sigmund (D:3)
  A spriggan (D:7)
  2 hippogriffs
  A hungry ghost (D:7)
  4 swamp worms (D:8)
  An ice beast (D:7)
  2 sky beasts
  A phantom (D:8)
  4 ogres
  2 centaurs
  4 giant frogs
  2 wyvern zombies (D:7)
  A scorpion (D:5)
  3 wights (D:6)
  4 howler monkeys (D:8)
  A centaur zombie (D:6)
  3 giant frog zombies
  A jelly (D:6)
  Crazy Yiuf (D:2)
  A centaur skeleton (D:7)
  4 orc priests (D:7)
  A gnoll shaman (D:5)
  2 hounds
  2 orc wizards (D:7)
  A giant frog skeleton (D:5)
  3 iguanas
  3 worker ants
  A hound zombie (D:6)
  A worker ant zombie (D:5)
  5 gnolls
  10 adders
  3 shadow imps
  3 adder skeletons
  12 worms (D:8)
  3 dart slugs
  7 giant geckos
  12 orcs
  4 giant cockroaches
  12 goblins
  9 hobgoblins
  4 jackals (D:2)
  9 kobolds
  3 quokkas
  2 ball pythons
  9 bats
  A giant gecko skeleton (D:4)
  6 giant newts
  2 jackal skeletons
  A jackal zombie (D:7)
  A quokka skeleton (D:4)
  9 rats
186 creatures vanquished.

Vanquished Creatures (collateral kills)
  A swamp worm (D:8)
  A scorpion (D:8)
2 creatures vanquished.

Vanquished Creatures (others)
  2 plants (D:8)
2 creatures vanquished.

Grand Total: 190 creatures vanquished

Notes
Turn   | Place    | Note
--------------------------------------------------------------
     0 | D:1      | magog001 the Draconian Fighter began the quest for the Orb.
     0 | D:1      | Reached XP level 1. HP: 19/19 MP: 1/1
   279 | D:1      | Reached skill level 3 in Dodging
   302 | D:1      | Reached XP level 2. HP: 25/26 MP: 2/2
   928 | D:1      | Reached XP level 3. HP: 24/31 MP: 3/3
  1603 | D:2      | Noticed Crazy Yiuf
  1613 | D:2      | Killed Crazy Yiuf
  1613 | D:2      | Reached XP level 4. HP: 38/38 MP: 4/4
  1755 | D:3      | Reached skill level 1 in Stealth
  2382 | D:3      | Found an oddly glowing altar of Pakellas.
  2536 | D:3      | Noticed Sigmund
  2544 | D:3      | Killed Sigmund
  2544 | D:3      | Reached skill level 4 in Dodging
  2544 | D:3      | Reached XP level 5. HP: 18/46 MP: 5/5
  2544 | D:3      | Reached XP level 6. HP: 20/52 MP: 6/6
  2732 | D:3      | Found a bloodstained altar of Trog.
  4169 | D:5      | Entered Level 5 of the Dungeon
  4184 | D:5      | Found an oddly glowing altar of Pakellas.
  4590 | D:5      | Reached skill level 5 in Dodging
  4620 | D:5      | Your scales start taking on a fiery red colour.
  4620 | D:5      | Reached XP level 7. HP: 38/60 MP: 7/7
  4620 | D:5      | Gained mutation: Your flesh is heat resistant. [Red Draconian growth]
  4895 | D:5      | Found a sparkling altar of Nemelex Xobeh.
  4903 | D:5      | Became a worshipper of Nemelex Xobeh the Trickster
  4922 | D:5      | Received a gift from Nemelex Xobeh
  5249 | D:5      | Found a bloodstained altar of Trog.
  5356 | D:5      | Found an opulent altar of Gozag.
  5815 | D:5      | Reached skill level 6 in Dodging
  6112 | D:6      | Found a staircase to the Ecumenical Temple.
  6372 | D:6      | Reached * piety under Nemelex Xobeh
  6457 | D:6      | Reached skill level 5 in Shields
  6465 | D:6      | Reached XP level 8. HP: 44/67 MP: 8/8
  6966 | D:6      | Noticed magog001's ghost (novice MiFi)
  6977 | D:6      | Reached skill level 5 in Fighting
  6990 | D:6      | Killed magog001's ghost
  6990 | D:6      | Reached skill level 7 in Dodging
  7434 | D:7      | Reached skill level 5 in Axes
  7434 | D:7      | Reached XP level 9. HP: 38/75 MP: 9/9
  7775 | D:7      | Received a gift from Nemelex Xobeh
  7890 | D:7      | Reached skill level 8 in Dodging
  7996 | D:7      | Reached ** piety under Nemelex Xobeh
  8327 | D:7      | Found a shimmering altar of Xom.
  9101 | D:8      | Reached skill level 9 in Dodging
  9883 | D:8      | HP: 3/78 [swamp worm (9)]
  9885 | D:8      | Reached XP level 10. HP: 26/84 MP: 10/10
 10353 | D:8      | Slain by a swamp worm

Skill      XL: |  1  2  3  4  5  6  7  8  9 |
---------------+----------------------------+-----
Dodging        | 3 4 5 6 7 9 |  9.4
Stealth        | 1 2 |  2.2
Shields        | 4 5 6 7 |  7.3
Fighting       | 4 5 6 |  6.8
Axes           | 3 5 6 |  6.5
Staves         | |  0.4
Evocations     | |  0.6

Action                   |  1- 3 |  4- 6 |  7- 9 | 10-12 || total
-------------------------+-------+-------+-------+-------++-------
Melee: War axe           |   131 |   185 |   415 |    34 ||   765
       Tailslap          |    13 |    18 |    60 |     6 ||    97
       Staff             |       |       |    21 |       ||    21
 Abil: Breathe Fire      |       |       |    13 |     3 ||    16
Evoke: Wand              |     2 |     2 |     2 |     7 ||    13
       Deck              |       |       |       |     2 ||     2
  Use: Scroll            |     1 |       |    10 |       ||    11
       Potion            |       |     1 |    12 |       ||    13
 Stab: Confused          |     1 |     1 |       |       ||     2
       Sleeping          |       |     1 |     1 |       ||     2
  Eat: Chunk             |     2 |     7 |     6 |       ||    15
       Beef jerky        |       |     2 |       |       ||     2
       Meat ration       |       |       |     3 |       ||     3
       Bread ration      |       |       |     2 |       ||     2
Armor: Skin              |    36 |    70 |   131 |     7 ||   244
Dodge: Dodged            |    80 |    93 |   212 |    20 ||   405
Block: Shield            |    89 |   109 |   269 |    28 ||   495
